General information
- name: BNet
- type: Ladder team game (AT/RT)
- host: Battle.net
- saver: TheCryptLord
map: MarketSquare
- players: 8
- length: 38:51
- speed: Fast
- version: 1.26 W3XP
- replay type: Public
» download(220 KB)
Players
team 1 (winner)
deathsmile (
red | 47 APM | 1131 actions | 24:17)
5 Far Seer
2 Feral Spirit
3 Chain Lighting
2 Tauren Chieftain
1 Shockwave
1 Endurance Aura
» actions
| Assign group hotkey | 115 | |
| Basic commands | 34 | |
| Build / train | 79 | |
| Enter build submenu | 19 | |
| Enter hero's abilities submenu | 7 | |
| Remove unit from queue | 2 | |
| Right click | 292 | |
| Select / deselect | 265 | |
| Select group hotkey | 245 | |
| Use ability | 73 | |
1131 total
» units
| Peon | 16 | |
| Grunt | 11 | |
| Raider | 3 | |
| Shaman | 7 | |
| Troll Headhunter/Berserker | 3 | |
| Wind Rider | 2 | |
| Troll Batrider | 3 | |
| Troll Witch Doctor | 1 | |
46 total
» upgrades
| Armor | 3 | |
| Melee Weapons | 2 | |
| Berserker Strength | 1 | |
| Ensnare | 1 | |
| Shaman Training | 2 | |
| Spiked Barricades | 1 | |
| Witch Doctor Training | 2 | |
| Pillage | 1 | |
| Berserker Upgrade | 1 | |
14 total
» buildings
| Orc Burrow | 8 | |
| Altar of Storms | 1 | |
| Barracks | 1 | |
| War Mill | 2 | |
| Voodoo Lounge | 1 | |
| Great Hall | 2 | |
| Stronghold | 1 | |
| Beastiary | 2 | |
| Spirit Lodge | 2 | |
| Fortress | 1 | |
| Tauren Totem | 3 | |
| Watch Tower | 10 | |
34 total
» build order
00:21 Orc Burrow
00:36 Altar of Storms
00:51 Barracks
01:09 War Mill
01:44 Orc Burrow
02:43 Orc Burrow
03:39 Voodoo Lounge
04:11 Orc Burrow
05:56 Great Hall
07:05 Stronghold
08:11 Orc Burrow
08:12 Orc Burrow
08:51 Orc Burrow
08:55 Orc Burrow
10:00 Beastiary
10:02 Beastiary
10:15 Spirit Lodge
10:56 Spirit Lodge
12:31 Fortress
17:35 Tauren Totem
17:36 Tauren Totem
17:38 Tauren Totem
18:12 Watch Tower
18:13 Watch Tower
18:14 Watch Tower
18:15 Watch Tower
18:16 Watch Tower
18:17 Watch Tower
18:18 Watch Tower
18:20 Watch Tower
18:21 Watch Tower
18:22 Watch Tower
20:55 War Mill
21:28 Great Hall
» items
| Healing Salve | 2 | |
| Boots of Speed | 1 | |
| Scroll of Protection | 1 | |
| Scroll of Healing | 1 | |
5 total
TheCryptLord (
teal | 92 APM | 3567 actions | 38:51)
8 Crypt Lord
3 Carrion Beetles
3 Spiked Carapace
1 Locust Swarm
1 Impale
» actions
| Assign group hotkey | 71 | |
| Basic commands | 71 | |
| Build / train | 146 | |
| ESC pressed | 6 | |
| Enter build submenu | 86 | |
| Enter hero's abilities submenu | 8 | |
| Give item / drop item | 4 | |
| Right click | 1437 | |
| Select / deselect | 648 | |
| Select group hotkey | 790 | |
| Use ability | 300 | |
3567 total
» units
| Acolyte | 21 | |
| Ghoul | 5 | |
| Crypt Fiend | 9 | |
| Obsidian Statue | 2 | |
| Gargoyle | 8 | |
45 total
» upgrades
| Creature Attack | 3 | |
| Burrow | 1 | |
| Web | 1 | |
| Creature Carapace | 4 | |
| Ghoul Frenzy | 1 | |
| Destroyer Form | 1 | |
| Stone Form | 1 | |
| Ultravision | 1 | |
| Reinforced Defenses | 1 | |
| Spiked Barricades | 1 | |
| Disease Cloud | 1 | |
| Exhume Corpses | 1 | |
| Cannibalize | 1 | |
| Backpack | 1 | |
| Unholy Armor | 2 | |
| Unholy Strength | 2 | |
| Necromancer Training | 2 | |
| Banshee Training | 1 | |
| Skeletal Mastery | 1 | |
| Skeletal Longevity | 1 | |
28 total
» buildings
| Crypt | 4 | |
| Graveyard | 1 | |
| Altar of Darkness | 1 | |
| Ziggurat | 29 | |
| Tomb of Relics | 2 | |
| Nerubian Tower | 1 | |
| Halls of the Dead | 5 | |
| Spirit Tower | 30 | |
| Slaughterhouse | 1 | |
| Sacrificial Pit | 2 | |
| Necropolis | 3 | |
| Black Citadel | 3 | |
| Tree of Life | 1 | |
| Ancient Protector | 5 | |
| Watch Tower | 16 | |
| Temple of the Damned | 5 | |
109 total
» build order
00:08 Crypt
00:17 Graveyard
00:44 Altar of Darkness
00:58 Ziggurat
01:26 Tomb of Relics
02:03 Ziggurat
02:13 Nerubian Tower
03:15 Ziggurat
04:17 Halls of the Dead
04:17 Halls of the Dead
04:54 Spirit Tower
05:54 Ziggurat
07:24 Slaughterhouse
08:00 Sacrificial Pit
08:02 Sacrificial Pit
11:49 Necropolis
13:09 Black Citadel
13:10 Black Citadel
13:29 Ziggurat
14:06 Ziggurat
14:33 Ziggurat
14:36 Ziggurat
15:13 Spirit Tower
15:13 Spirit Tower
16:01 Ziggurat
16:03 Spirit Tower
16:03 Spirit Tower
16:05 Spirit Tower
16:05 Spirit Tower
17:09 Spirit Tower
17:44 Ziggurat
18:38 Spirit Tower
19:15 Crypt
19:17 Crypt
19:19 Crypt
20:14 Spirit Tower
20:15 Spirit Tower
21:20 Ziggurat
21:29 Necropolis
22:37 Halls of the Dead
22:38 Halls of the Dead
22:40 Spirit Tower
23:31 Ziggurat
23:33 Ziggurat
23:35 Ziggurat
23:36 Ziggurat
23:55 Ziggurat
23:57 Ziggurat
24:06 Ziggurat
24:38 Spirit Tower
24:38 Spirit Tower
24:56 Spirit Tower
24:58 Spirit Tower
24:59 Spirit Tower
24:59 Spirit Tower
25:09 Spirit Tower
25:52 Tomb of Relics
26:03 Ziggurat
26:05 Ziggurat
27:16 Spirit Tower
27:52 Ziggurat
27:53 Ziggurat
27:55 Ziggurat
28:13 Ziggurat
28:14 Ziggurat
28:18 Tree of Life
28:20 Ancient Protector
28:25 Ancient Protector
28:28 Ancient Protector
28:29 Ancient Protector
28:54 Spirit Tower
28:54 Spirit Tower
28:55 Spirit Tower
28:59 Spirit Tower
28:59 Spirit Tower
30:05 Watch Tower
30:06 Watch Tower
30:06 Watch Tower
30:07 Watch Tower
30:08 Watch Tower
30:08 Watch Tower
30:09 Watch Tower
30:11 Watch Tower
30:14 Watch Tower
30:15 Watch Tower
30:15 Watch Tower
30:16 Watch Tower
30:16 Watch Tower
30:18 Watch Tower
30:18 Watch Tower
30:19 Watch Tower
30:26 Ancient Protector
32:35 Necropolis
34:20 Ziggurat
34:21 Ziggurat
34:22 Ziggurat
34:24 Ziggurat
35:42 Temple of the Damned
35:43 Temple of the Damned
35:44 Temple of the Damned
35:46 Temple of the Damned
35:50 Temple of the Damned
35:54 Spirit Tower
» items
| Rod of Necromancy | 5 | |
| Scroll of Town Portal | 5 | |
| Boots of Speed | 1 | |
| Staff of Teleportation | 1 | |
| Potion of Invisibility | 2 | |
| Periapt of Vitality | 1 | |
| Potion of Healing | 1 | |
| Orb of Corruption | 1 | |
17 total
scarletpirate (
green | 37 APM | 1012 actions | 27:17)
5 Keeper of the Grove
2 Entangling Roots
1 Force of Nature
2 Thorns Aura
» actions
| Assign group hotkey | 25 | |
| Build / train | 81 | |
| Enter build submenu | 24 | |
| Enter hero's abilities submenu | 5 | |
| Give item / drop item | 1 | |
| Right click | 233 | |
| Select / deselect | 267 | |
| Select group hotkey | 320 | |
| Use ability | 56 | |
1012 total
» units
| Wisp | 23 | |
| Archer | 9 | |
| Druid of the Claw | 4 | |
| Dryad | 14 | |
| Wind Rider | 4 | |
54 total
» upgrades
| Strength of the Wild | 3 | |
| Reinforced Hides | 3 | |
| Improved Bows | 1 | |
| Druid of the Claw Training | 2 | |
| Abolish Magic | 1 | |
| Envenomed Spears | 1 | |
11 total
» buildings
| Moon Well | 8 | |
| Altar of Elders | 1 | |
| Ancient of War | 1 | |
| Ancient of Wonders | 1 | |
| Hunter's Hall | 1 | |
| Ancient Protector | 7 | |
| Tree of Ages | 1 | |
| Ancient of Lore | 2 | |
| Tree of Life | 1 | |
| Tree of Eternity | 1 | |
24 total
» build order
00:28 Moon Well
00:38 Altar of Elders
00:58 Ancient of War
01:44 Moon Well
02:04 Ancient of Wonders
02:47 Hunter's Hall
04:30 Moon Well
04:35 Ancient Protector
04:42 Ancient Protector
05:42 Tree of Ages
06:27 Ancient Protector
06:55 Ancient Protector
07:01 Moon Well
09:02 Ancient of Lore
09:16 Ancient of Lore
10:57 Moon Well
12:51 Moon Well
13:01 Tree of Life
13:16 Ancient Protector
13:21 Ancient Protector
13:28 Ancient Protector
13:53 Tree of Eternity
22:32 Moon Well
23:55 Moon Well
» items
| Periapt of Vitality | 1 | |
| Scroll of Town Portal | 4 | |
| Potion of Healing | 1 | |
| Moonstone | 1 | |
| Orb of Venom | 1 | |
8 total
DisplayNets (
orange | 27 APM | 746 actions | 27:13)
5 Demon Hunter
2 Immolation
2 Evasion
1 Mana Burn
4 Keeper of the Grove
1 Entangling Roots
2 Force of Nature
1 Thorns Aura
» actions
| Assign group hotkey | 36 | |
| Basic commands | 16 | |
| Build / train | 68 | |
| Enter build submenu | 24 | |
| Enter hero's abilities submenu | 9 | |
| Give item / drop item | 2 | |
| Remove unit from queue | 1 | |
| Right click | 267 | |
| Select / deselect | 250 | |
| Select group hotkey | 28 | |
| Use ability | 45 | |
746 total
» units
| Wisp | 19 | |
| Chimaera | 19 | |
| Hippogryph | 9 | |
47 total
» upgrades
| Strength of the Wild | 2 | |
| Reinforced Hides | 2 | |
| Corrosive Breath | 1 | |
5 total
» buildings
| Altar of Elders | 1 | |
| Moon Well | 9 | |
| Tree of Ages | 1 | |
| Hunter's Hall | 1 | |
| Ancient of Wind | 1 | |
| Tree of Eternity | 1 | |
| Chimaera Roost | 3 | |
| Tree of Life | 2 | |
| Ancient of Wonders | 1 | |
20 total
» build order
00:16 Altar of Elders
00:18 Moon Well
02:37 Tree of Ages
02:43 Hunter's Hall
03:05 Moon Well
03:48 Moon Well
05:02 Ancient of Wind
05:07 Tree of Eternity
05:15 Moon Well
06:13 Moon Well
07:31 Chimaera Roost
08:15 Chimaera Roost
08:17 Chimaera Roost
09:06 Tree of Life
10:28 Moon Well
11:25 Moon Well
14:42 Moon Well
20:48 Ancient of Wonders
21:52 Tree of Life
26:16 Moon Well
» items
| Orb of Venom | 1 | |
| Scroll of Town Portal | 1 | |
2 total
team 2 (loser)
poo_snake (
purple | 17 APM | 653 actions | 38:49)
2 Archmage
1 Blizzard
1 Brilliance Aura
» actions
| Build / train | 67 | |
| Enter build submenu | 15 | |
| Enter hero's abilities submenu | 2 | |
| Remove unit from queue | 3 | |
| Right click | 243 | |
| Select / deselect | 254 | |
| Use ability | 69 | |
653 total
» units
| Peasant | 14 | |
| Sorceress | 6 | |
| Mortar Team | 13 | |
| Flying Machine | 4 | |
37 total
» upgrades
| Sorceress Training | 1 | |
| Gunpowder | 2 | |
| Masonry | 2 | |
| Magic Sentry | 1 | |
| Flare | 1 | |
| Lumber Harvesting | 1 | |
8 total
» buildings
| Lumber Mill | 1 | |
| Farm | 7 | |
| Altar of Kings | 1 | |
| Keep | 1 | |
| Arcane Vault | 1 | |
| Blacksmith | 1 | |
| Scout Tower | 12 | |
| Guard Tower | 7 | |
| Arcane Sanctum | 1 | |
| Workshop | 2 | |
| Castle | 1 | |
35 total
» build order
00:39 Lumber Mill
00:50 Farm
01:02 Altar of Kings
01:18 Farm
01:20 Farm
01:49 Farm
01:50 Farm
02:36 Keep
02:39 Arcane Vault
02:45 Blacksmith
04:01 Farm
04:03 Farm
04:08 Scout Tower
04:09 Scout Tower
04:46 Guard Tower
05:03 Arcane Sanctum
05:07 Workshop
05:10 Workshop
05:22 Guard Tower
07:39 Scout Tower
07:39 Scout Tower
07:41 Scout Tower
07:42 Scout Tower
08:16 Guard Tower
09:14 Scout Tower
09:15 Scout Tower
09:16 Scout Tower
09:17 Scout Tower
10:39 Guard Tower
10:48 Guard Tower
11:32 Guard Tower
11:50 Scout Tower
11:51 Scout Tower
12:36 Guard Tower
14:37 Castle
» items
| Scroll of Regeneration | 3 | |
| Lesser Clarity Potion | 1 | |
| Potion of Healing | 1 | |
| Scroll of Town Portal | 2 | |
7 total
Krishna (
blue | 63 APM | 2436 actions | 38:49)
8 Demon Hunter
2 Immolation
3 Evasion
1 Metamorphosis
2 Mana Burn
» actions
| Assign group hotkey | 80 | |
| Basic commands | 122 | |
| Build / train | 101 | |
| Enter build submenu | 50 | |
| Enter hero's abilities submenu | 8 | |
| Give item / drop item | 4 | |
| Remove unit from queue | 7 | |
| Right click | 981 | |
| Select / deselect | 338 | |
| Select group hotkey | 648 | |
| Use ability | 97 | |
2436 total
» units
| Wisp | 48 | |
| Chimaera | 5 | |
| Hippogryph | 9 | |
62 total
» upgrades
| Ultravision | 1 | |
| Strength of the Wild | 3 | |
| Reinforced Hides | 3 | |
| Well Spring | 1 | |
| Corrosive Breath | 1 | |
| Druid of the Talon Training | 2 | |
| Mark of the Talon | 1 | |
12 total
» buildings
| Moon Well | 19 | |
| Altar of Elders | 1 | |
| Hunter's Hall | 1 | |
| Tree of Ages | 1 | |
| Tree of Eternity | 1 | |
| Ancient of Wind | 4 | |
| Tree of Life | 6 | |
| Ancient Protector | 12 | |
| Chimaera Roost | 4 | |
| Ancient of Wonders | 1 | |
50 total
» build order
00:13 Moon Well
00:43 Moon Well
00:55 Altar of Elders
01:22 Moon Well
01:38 Moon Well
02:21 Moon Well
02:34 Moon Well
03:15 Hunter's Hall
03:37 Moon Well
04:09 Tree of Ages
04:46 Moon Well
04:59 Moon Well
05:01 Moon Well
05:03 Moon Well
05:04 Moon Well
07:28 Tree of Eternity
08:06 Ancient of Wind
09:19 Tree of Life
09:40 Ancient Protector
09:40 Ancient Protector
09:40 Ancient Protector
09:41 Ancient Protector
09:51 Chimaera Roost
09:52 Chimaera Roost
09:53 Chimaera Roost
09:54 Chimaera Roost
12:04 Ancient of Wind
12:05 Ancient of Wind
12:07 Ancient of Wind
16:26 Tree of Life
17:31 Ancient of Wonders
17:40 Tree of Life
20:16 Moon Well
20:17 Moon Well
20:18 Moon Well
20:21 Moon Well
20:22 Moon Well
20:23 Moon Well
20:27 Moon Well
22:20 Ancient Protector
22:21 Ancient Protector
22:22 Ancient Protector
22:26 Ancient Protector
22:26 Ancient Protector
22:28 Ancient Protector
22:29 Ancient Protector
23:21 Ancient Protector
29:00 Tree of Life
30:19 Tree of Life
30:39 Tree of Life
» items
| Scroll of Town Portal | 2 | |
| Boots of Speed | 1 | |
| Staff of Teleportation | 2 | |
| Periapt of Vitality | 2 | |
| Potion of Lesser Invulnerability | 1 | |
| Scroll of Healing | 1 | |
9 total
Deadman_inc (
yellow | 30 APM | 1041 actions | 34:09)
7 Archmage
3 Summon Water Elemental
3 Brilliance Aura
1 Mass Teleport
3 Paladin
2 Devotion Aura
1 Divine Shield
» actions
| Assign group hotkey | 37 | |
| Build / train | 83 | |
| Enter build submenu | 24 | |
| Enter hero's abilities submenu | 10 | |
| Give item / drop item | 1 | |
| Right click | 348 | |
| Select / deselect | 395 | |
| Select group hotkey | 85 | |
| Use ability | 58 | |
1041 total
» units
| Peasant | 14 | |
| Footman | 10 | |
| Knight | 22 | |
46 total
» upgrades
| Masonry | 3 | |
| Swords | 3 | |
| Plating | 3 | |
| Defend | 1 | |
| Animal War Training | 1 | |
| Lumber Harvesting | 2 | |
| Backpack | 1 | |
| Long Rifles | 1 | |
15 total
» buildings
| Barracks | 3 | |
| Altar of Kings | 1 | |
| Farm | 10 | |
| Scout Tower | 5 | |
| Arcane Tower | 2 | |
| Blacksmith | 1 | |
| Arcane Vault | 1 | |
| Lumber Mill | 1 | |
| Guard Tower | 3 | |
| Keep | 1 | |
| Castle | 1 | |
| Town Hall | 2 | |
31 total
» build order
00:30 Barracks
00:35 Altar of Kings
00:41 Farm
01:17 Farm
01:21 Farm
01:57 Farm
02:17 Scout Tower
02:24 Scout Tower
02:28 Scout Tower
02:33 Scout Tower
02:37 Scout Tower
02:52 Arcane Tower
02:56 Blacksmith
03:10 Arcane Tower
03:52 Arcane Vault
04:28 Lumber Mill
05:42 Guard Tower
05:52 Guard Tower
06:00 Guard Tower
06:52 Keep
08:32 Barracks
08:39 Barracks
09:47 Castle
10:28 Farm
10:31 Farm
10:46 Farm
10:49 Farm
18:16 Farm
18:18 Farm
25:55 Town Hall
27:49 Town Hall
» items
SRGT_VAGlNA69 (
pink | 49 APM | 1504 actions | 30:45)
7 Mountain King
3 Storm Bolt
3 Thunder Clap
1 Avatar
4 Paladin
2 Holy Light
1 Devotion Aura
1 Divine Shield
» actions
| Basic commands | 6 | |
| Build / train | 78 | |
| Enter build submenu | 34 | |
| Enter hero's abilities submenu | 11 | |
| Give item / drop item | 1 | |
| Remove unit from queue | 2 | |
| Right click | 846 | |
| Select / deselect | 446 | |
| Use ability | 80 | |
1504 total
» units
| Peasant | 17 | |
| Footman | 9 | |
| Dragonhawk Rider | 7 | |
| Gryphon Rider | 7 | |
40 total
» upgrades
| Defend | 1 | |
| Plating | 1 | |
| Swords | 2 | |
| Armor | 3 | |
| Lumber Harvesting | 1 | |
| Storm Hammers | 1 | |
| Cloud | 1 | |
10 total
» buildings
| Altar of Kings | 1 | |
| Farm | 13 | |
| Barracks | 2 | |
| Lumber Mill | 2 | |
| Arcane Vault | 1 | |
| Blacksmith | 1 | |
| Town Hall | 3 | |
| Keep | 1 | |
| Gryphon Aviary | 3 | |
| Castle | 1 | |
| Scout Tower | 7 | |
| Guard Tower | 6 | |
41 total
» build order
00:10 Altar of Kings
00:14 Farm
00:18 Barracks
00:58 Farm
02:11 Lumber Mill
02:24 Lumber Mill
02:35 Arcane Vault
02:57 Farm
03:41 Barracks
04:25 Blacksmith
04:58 Farm
05:52 Farm
06:03 Town Hall
07:26 Keep
08:58 Farm
09:43 Farm
10:40 Gryphon Aviary
10:42 Castle
11:37 Scout Tower
11:54 Scout Tower
12:04 Gryphon Aviary
12:06 Gryphon Aviary
12:12 Guard Tower
12:16 Scout Tower
12:27 Guard Tower
12:32 Scout Tower
12:44 Farm
12:48 Scout Tower
12:50 Guard Tower
13:01 Guard Tower
13:04 Scout Tower
13:19 Scout Tower
13:20 Guard Tower
14:31 Farm
14:39 Guard Tower
15:49 Farm
15:51 Farm
15:54 Farm
17:16 Farm
20:47 Town Hall
23:46 Town Hall
» items
| Scroll of Regeneration | 3 | |
| Potion of Lesser Invulnerability | 1 | |
| Orb of Fire | 2 | |
6 total
Chat log
(00:27 / All) DisplayNets: Hello Everybody!
(00:34 / All) TheCryptLord: Salve!
(00:51 / All) DisplayNets: How are you all doing tonight?
(01:02 / All) TheCryptLord: jag är bra
(01:02 / All) Krishna: Fucking WONDERFUL
(01:13 / All) Krishna: We gods always feel awesome
(01:20 / All) Krishna: one of the perks of being godly
(01:26 / All) DisplayNets: yeah with a name like that why wouldnt you be feeling wonderful
(01:40 / All) SRGT_VAGlNA69: fag
(01:51 / All) DisplayNets: Blue : Oh my God I am Indian God!
(02:28 / All) DisplayNets: Blue: I am Indian God with Indian ACCENT!
(02:40 / All) Krishna: I have an American accent
(02:49 / All) Krishna: the American Kalki
(02:52 / All) DisplayNets: SURE BUDDY
(03:06 / All) TheCryptLord: People usually say my accent is Norwegian, Dutch, Swedish, Scottish, or English
(03:10 / All) DisplayNets: whats your amercian name
(03:21 / All) DisplayNets: holy shit teal
(03:25 / All) DisplayNets: OH MY GOD
(03:29 / All) TheCryptLord: ?
(03:39 / All) DisplayNets: SORRY I cant find a fuck to give it to you
(03:47 / All) TheCryptLord: Okay buddy
(04:17 / Allies) DisplayNets: red lets fuck them together
(06:32 / Allies) scarletpirate: wood please
(06:42 / Allies) DisplayNets: go get it yourself
(06:44 / Allies) DisplayNets: asshole
(06:46 / Allies) scarletpirate: thanks
(07:31 / Allies) deathsmile: oj are you going to bs me on all item
(07:49 / Allies) DisplayNets: why not?
(07:54 / Allies) DisplayNets: you liking it
(08:00 / Allies) deathsmile: i hate you with passion
(08:06 / Allies) DisplayNets: wtf
(08:11 / Allies) DisplayNets: so rude
(08:27 / Allies) TheCryptLord: invisimort
(08:59 / Allies) DisplayNets: go buddy it was like fucking with you
(09:12 / Allies) DisplayNets: we shall fuck again some day
(09:36 / Allies) DisplayNets: sucker
(10:12 / Allies) DisplayNets: ok im coming back for some for fucking
(10:42 / All) TheCryptLord: lol
(11:09 / Allies) DisplayNets: what does bs mean?
(11:13 / Allies) TheCryptLord: backstab
(11:17 / Allies) DisplayNets: k
(11:37 / Allies) DisplayNets: so how am i back stabbing him by taking items
(12:20 / Allies) DisplayNets: lol now green bs you
(12:23 / Allies) DisplayNets: kill him!
(12:51 / Allies) TheCryptLord: less towers
(14:15 / Allies) DisplayNets: bring aa
(14:17 / Allies) DisplayNets: wtf
(14:26 / Allies) deathsmile: RAIDER ARE AA
(14:34 / Allies) DisplayNets: you got one
(14:40 / Allies) deathsmile: MORE COMING NOOB
(14:50 / Allies) DisplayNets: ok grandpa
(15:21 / Allies) deathsmile: HIT PURPLE
(18:08 / Allies) DisplayNets: wtf
(18:14 / Allies) DisplayNets: gaurding base?
(18:16 / Allies) TheCryptLord: yeah
(18:21 / Allies) DisplayNets: too scared they will attack?
(18:29 / Allies) TheCryptLord: they can only win via hit and run at this point
(18:43 / Allies) DisplayNets: suck dick how about that
(18:47 / Allies) TheCryptLord: lol
(19:24 / Allies) DisplayNets: well gg
(19:33 / Allies) TheCryptLord: not over yet
(19:36 / Allies) TheCryptLord: still 4v2 bro
(19:40 / Allies) DisplayNets: gj teal
(19:48 / Allies) TheCryptLord: ty my son
(20:05 / Allies) DisplayNets: ty for not bringing fiends
(20:11 / Allies) TheCryptLord: you are welcome :)
(21:03 / Allies) deathsmile: WOOD ANYONE?
(21:08 / Allies) DisplayNets: fuck you
(21:12 / Allies) DisplayNets: in the fucking ass
(21:18 / Allies) deathsmile: GAY
(21:41 / Allies) DisplayNets: you are not fucking welcome
(22:12 / Allies) DisplayNets: nice not buidling units teal
(22:16 / Allies) DisplayNets: nice gold keeping
(22:20 / Allies) deathsmile: MAN YOU HAVE LIKE 4 CLAW +9, JUST GET AN ORB, NOOB
(22:21 / Allies) TheCryptLord: I need wood
(22:44 / Allies) DisplayNets: no red suck me first
(23:35 / Allies) DisplayNets: nice 3k gold teal
(23:38 / Allies) TheCryptLord: ty
(23:43 / Allies) deathsmile: SOME GOLD TOO THEN TEAL?
(23:46 / Allies) deathsmile: I CAN REBUILD QUICK
(23:48 / Allies) scarletpirate: 3k gold??
(23:50 / Allies) TheCryptLord: there you go red
(23:58 / Allies) DisplayNets: red fuck this we have no chance
(24:13 / Allies) TheCryptLord: wood please
(24:19 / Allies) DisplayNets: good
(24:23 / Allies) DisplayNets: k
(24:57 / Allies) DisplayNets: why cant i tp in your base teal
(24:58 / Allies) DisplayNets: wtf
(25:02 / Allies) TheCryptLord: wood
(25:21 / Allies) TheCryptLord: ty
(25:37 / Allies) TheCryptLord: ?
(25:48 / Allies) DisplayNets: lets go
(25:49 / Allies) DisplayNets: hit
(25:59 / Allies) DisplayNets: yea\\
(27:01 / All) TheCryptLord: oj trying to killy my hero lol
(27:20 / All) SRGT_VAGlNA69: rofl
(27:25 / All) TheCryptLord: not over yet my son
(30:45 / All) TheCryptLord: yeah
(32:17 / All) TheCryptLord: lvl 3 beetles are insane
(32:20 / All) TheCryptLord: they're frenzied ghouls
(32:49 / All) Deadman_inc: wtf blue tk me
(33:03 / All) Deadman_inc: wow sport loser
(33:15 / All) Krishna: sport loser?
(33:19 / All) Deadman_inc: gg
(33:33 / All) Deadman_inc: blue is a fag
(33:36 / All) Deadman_inc: gg teal
(33:45 / All) Deadman_inc: u are the best
(36:26 / All) Krishna: chims make killing bases a snap
(37:08 / All) Krishna: My marching tree of eternity is all that is left
(37:33 / All) TheCryptLord: Any last words, purple?
(38:27 / All) Krishna: he hasn't spoken in like 30 minutes
(38:37 / All) Krishna: welp time to end this charade